 Dungeon Crawl Stone Soup version 0.26.1-16-g4e020e15dc (webtiles) character file.

Game seed: 13619422435396447936

823 Froggeryz the Cutter (level 7, 0/50 HPs)
             Began as an Octopode Berserker on Mar 3, 2023.
             Was a Believer of Trog.
             Slain by a centaur (8 damage)
             ... on level 5 of the Dungeon.
             The game lasted 00:02:59 (5060 turns).

Froggeryz the Cutter (Octopode Berserker)           Turns: 5060, Time: 00:02:59

Health: 0/50       AC:  1    Str: 16    XL:     7   Next: 96%
Magic:  7/7        EV: 14    Int: 10    God:    Trog [**....]
Gold:   101        SH:  0    Dex: 13    Spells: 6/6 levels left

rFire    . . .     SeeInvis .   a - +0 short sword
rCold    . . .     Faith    .   (no shield)
rNeg     . . .     Spirit   .   (helmet restricted)
rPois    .         Reflect  .   (no amulet)
rElec    .         Harm     .   (no ring)
rCorr    .         Rampage  .   (no ring)
Will     .....                  (no ring)
Stlth    ++++......             (no ring)
HPRegen  0.16/turn              (no ring)
MPRegen  0.10/turn              (no ring)
                                (no ring)
                                (no ring)

@: no status effects
A: almost no armour, stealthy swim, amphibious, 8 rings, constrict 8, camouflage
1, gelatinous body 1
a: Renounce Religion, Berserk, Trog's Hand


You were on level 5 of the Dungeon.
You worshipped Trog.
Trog was pleased with you.
You visited 1 branch of the dungeon, and saw 5 of its levels.

You collected 216 gold pieces.
You spent 115 gold pieces at shops.

Inventory:

Hand Weapons
 a - a +0 short sword (weapon)
Missiles
 h - 9 javelins
Jewellery
 q - an uncursed ring of ice
Wands
 s - a wand of random effects (39)
Scrolls
 d - 2 scrolls of blinking
 e - 3 scrolls of magic mapping
 f - 3 scrolls of teleportation
 g - a scroll of enchant armour
 p - a scroll of remove curse
Potions
 b - 2 potions of heal wounds
 i - a potion of haste
 j - a potion of magic {unknown}
 k - a potion of resistance
 l - 2 potions of berserk rage {unknown}
 m - a potion of attraction {unknown}
 n - 3 potions of mutation {unknown}
 o - 2 potions of curing {unknown}
 t - a potion of degeneration {unknown}
 u - a potion of flight {unknown}
 v - 2 potions of cancellation {unknown}


   Skills:
 + Level 5.1 Fighting
 * Level 6.8 Short Blades
 - Level 3.0 Dodging
 + Level 5.9 Stealth


You had 6 spell levels left.
You didn't know any spells.
Your spell library was empty.

Dungeon Overview and Level Annotations

Branches:
Dungeon (5/15)
 Temple: D:4-7

Altars:
Elyvilon
Qazlal
Uskayaw
Vehumet

Shops:
D:4 ?


Innate Abilities, Weirdness & Mutations

You cannot wear most types of armour.
You are very stealthy in the water. (Stealth+)
You are amphibious.
You can wear up to eight rings at the same time.
You can use your tentacles to constrict eight enemies at once.
Your skin changes colour to match your surroundings (Stealth+).
Your rubbery body absorbs attacks. (AC +1, EV +1)


Message History

You see here an arrow.
The centaur unwields a +0 shortbow.
The centaur hits you! The centaur barely misses you.
You are too injured to fight recklessly!
You are too injured to fight recklessly!
You hit the centaur.
The centaur is lightly wounded.
The centaur hits you.
* * * LOW HITPOINT WARNING * * *
You hit the centaur but do no damage. You squeeze the centaur!
The centaur is severely wounded.
The centaur closely misses you.
You hit the centaur but do no damage.
The centaur is severely wounded.
The centaur hits you!
* * * LOW HITPOINT WARNING * * *
You completely miss the centaur.
The centaur is severely wounded.
The centaur hits you!
You die...

#....#.# [... #.####.##
##...?....
####.####..####.........
#......###....#....(....
#......# ####.#.........
#......# #(#.........
.......######(..........
............(.†.........
...............(@<......
.)........#......c...(.#
#.........#....##....###
###.###......... ....# #
.# ##.#...#.......# .# #
#..##..#.....# ....
...#....... ....
.#.#.....##


You could see a centaur.

Vanquished Creatures
  Sigmund (D:2)
  Eustachio (D:4)
  A phantom (D:5)
  An ogre (D:4)
  A scorpion (D:5)
  Crazy Yiuf (D:2)
  A hound (D:4)
  An orc wizard (D:5)
  4 worker ants
  7 adders
  2 worms
  A dart slug (D:1)
  4 leopard geckos
  10 orcs
  2 ball pythons (D:3)
  3 giant cockroaches
  4 goblins
  7 hobgoblins
  2 jackals (D:4)
  4 kobolds
  9 bats
  2 frilled lizards
  5 rats
74 creatures vanquished.

Notes
Turn   | Place    | Note
-------+----------+-------------------------------------------
     0 | D:1      | Froggeryz the Octopode Berserker began the quest for the
                  | Orb.
     0 | D:1      | Reached XP level 1. HP: 16/16 MP: 1/1
   290 | D:1      | Reached skill level 1 in Stealth
   290 | D:1      | Reached XP level 2. HP: 16/21 MP: 2/2
  1051 | D:2      | Reached XP level 3. HP: 26/26 MP: 3/3
  1417 | D:2      | Noticed Sigmund
  1436 | D:2      | Killed Sigmund
  1437 | D:2      | Reached skill level 4 in Short Blades
  1437 | D:2      | Reached XP level 4. HP: 14/33 MP: 4/4
  1437 | D:2      | Reached XP level 5. HP: 15/37 MP: 5/5
  1438 | D:2      | Reached ** piety under Trog
  1715 | D:2      | Found a white marble altar of Elyvilon.
  2263 | D:2      | Found a runed translucent door.
  2264 | D:2      | Noticed Crazy Yiuf
  2273 | D:2      | Killed Crazy Yiuf
  2274 | D:2      | Reached skill level 5 in Short Blades
  2274 | D:2      | Reached XP level 6. HP: 22/43 MP: 6/6
  3982 | D:4      | Noticed Eustachio
  3986 | D:4      | Found a hide-covered altar of Uskayaw.
  3993 | D:4      | Killed Eustachio
  3994 | D:4      | Reached XP level 7. HP: 49/49 MP: 7/7
  4003 | D:4      | Reached skill level 6 in Short Blades
  4135 | D:4      | Reached skill level 5 in Stealth
  4310 | D:4      | Found Saocse's Magic Scroll Shop.
  4313 | D:4      | Bought a scroll of blinking for 82 gold pieces
  4313 | D:4      | Bought a scroll of teleportation for 33 gold pieces
  4580 | D:4      | Found a stormy altar of Qazlal.
  4588 | D:4      | Found a radiant altar of Vehumet.
  4803 | D:5      | Entered Level 5 of the Dungeon
  4986 | D:5      | Reached skill level 5 in Fighting
  5060 | D:5      | Slain by a centaur

Illustrated notes

Levels and vault maps discovered:
D:1:      lightli_arrival_statuegarden, layout_basic, chequers_mini_garden,
          chequers_serial_rivers_micro_b, serial_bayou_pond_a,
          chequers_big_river, minmay_statues_item
D:2:      layout_loops_corners, lemuel_doored_altar, uniq_sigmund,
          uniq_crazy_yiuf_cottage
D:3:      layout_basic, serial_curves, eino_curves_03, eino_curves_03
D:4:      layout_loops_cross, eat_drink_and_be_merry_uskayaw,
          grunt_temple_overflow_open, serial_shops, kennysheep_mini,
          uniq_eustachio
D:5:      layout_rooms, nicolae_overflow_hidden_temple

Skill      XL: |  1  2  3  4  5  6  7 |
---------------+----------------------+-----
Stealth        | 1 3 4 5 |  5.9
Fighting       | 4 5 |  5.1
Short Blades   | 4 5 6 |  6.8
Dodging        | |  3.0

Action                   |  1- 3 |  4- 6 |  7- 9 || total
-------------------------+-------+-------+-------++-------
Melee: Short sword       |    48 |    69 |    46 ||   163
       Constrict         |    11 |    21 |     7 ||    39
       Tentacles         |     8 |    17 |    10 ||    35
Invok: Berserk           |     1 |     1 |     1 ||     3
  Use: Scroll            |       |       |     7 ||     7
 Stab: Sleeping          |     7 |     9 |     4 ||    20
Armor: Skin              |     4 |     4 |     1 ||     9
Dodge: Dodged            |    37 |    38 |    22 ||    97
